 Dungeon Crawl Stone Soup version 0.30.0-29-ga12c61a403 (webtiles) character file.

Game seed: 13164877591593027440

1856 H0rd4k the Cutter (level 9, -4/60 (61) HPs)
             Began as a Human Artificer on June 22, 2023.
             Was an Initiate of Gozag.
             Slain by a killer bee (7 damage)
             ... on level 8 of the Dungeon.
             The game lasted 00:11:03 (7198 turns).

H0rd4k the Cutter (Human Artificer)                 Turns: 7198, Time: 00:11:04

HP:   -4/60 (61)    AC:  5    Str: 13    XL:     9   Next: 34%
MP:   9/9           EV: 13    Int: 16    God:    Gozag
Gold: 593           SH:  0    Dex: 13    Spells: 8/8 levels left

rFire   . . .        E - +3 short sword (freeze)
rCold   . . .        (no shield)
rNeg    . . .        b - +0 leather armour
rPois   .            d - +0 helmet
rElec   .            q - +0 cloak
rCorr   .            (no gloves)
SInv    .            (no boots)
Will    .....        x - amulet of the acrobat
Stlth   ++           (no ring)
HPRegen 0.30/turn    (no ring)
MPRegen 0.11/turn

%: acrobat
@: lethally poisoned (-4 -> -8), gold aura, hasted, lightly drained, invisible,
very quick
A: deterioration 1, frail 1, noise suppression
a: Renounce Religion, Potion Petition, Call Merchant, Bribe Branch


You were on level 8 of the Dungeon.
You worshipped Gozag.
Gozag was pleased with you.
You visited 2 branches of the dungeon, and saw 10 of its levels.
You also visited: Sewer.

You collected 663 gold pieces.
You paid 70 gold pieces to Gozag.

Inventory:

Hand Weapons
 m - a +2 short sword of protection
 E - a +3 short sword of freezing (weapon)
Armour
 b - a +0 leather armour (worn)
 d - a +0 helmet (worn)
 q - a +0 cloak (worn)
Magical Staves
 k - a staff of fire
Jewellery
 x - an amulet of the acrobat (around neck)
Wands
 e - a wand of iceblast (2) (quivered)
 i - a wand of acid (2)
Scrolls
 c - 2 scrolls of enchant weapon {unknown}
 h - 2 scrolls of fog
 j - 6 scrolls of identify
 t - 4 scrolls of teleportation
 B - a scroll of immolation {unknown}
 C - a scroll of amnesia {unknown}
 D - a scroll of fear {unknown}
 F - a scroll of enchant armour {unknown}
Potions
 a - a potion of invisibility
 f - 3 potions of haste
 g - 2 potions of mutation
 l - a potion of resistance {unknown}
 n - a potion of magic
 o - a potion of attraction {unknown}
 p - 2 potions of degeneration {unknown}
 r - 2 potions of brilliance {unknown}
 s - 2 potions of might {unknown}
 u - 2 potions of lignification {unknown}
 v - 3 potions of curing {unknown}
 w - 2 potions of berserk rage {unknown}
 z - 2 potions of experience {unknown}


   Skills:
 + Level 5.0 Fighting
 + Level 6.5 Short Blades
 - Level 0.1 Maces & Flails
 - Level 2.0 Armour
 + Level 5.7 Dodging
 + Level 3.0 Stealth
 + Level 5.4 Evocations


You had 8 spell levels left.
You didn't know any spells.
Your spell library contained the following spells:

 Spells                   Type           Power      Damage    Failure   Level
 Beastly Appendage        Tmut           0%         N/A       32%         1
 Sandblast                Erth           0%         2d4       32%         1
 Passwall                 Tmut/Erth      0%         N/A       43%         2
 Wereblood                Tmut           0%         N/A       43%         2
 Call Canine Familiar     Summ           0%         N/A       67%         3
 Ozocubu's Armour         Ice            0%         N/A       67%         3
 Portal Projectile        Hex/Tloc       0%         N/A       67%         3
 Spider Form              Tmut/Pois      0%         N/A       67%         3
 Stone Arrow              Conj/Erth      0%         3d7       67%         3
 Leda's Liquefaction      Hex/Erth       0%         N/A       97%         4
 Metabolic Englaciation   Hex/Ice        0%         N/A       100%        5
 Simulacrum               Ice/Necr       Unusable   N/A       N/A         6

Dungeon Overview and Level Annotations

Branches:
Dungeon (9/15)             Temple (1/1) D:4            Lair (0/5) D:8
  Sewer (visited)
    Orc: D:9-12

Altars:
Ashenzari
Cheibriados
Elyvilon
Fedhas
Gozag
Hepliaklqana
Nemelex Xobeh
Qazlal
Ru
Trog
Uskayaw
Vehumet
Xom
Yredelemnul
Zin
The Shining One

Shops:
D:2 ?

Annotations:
D:2 exclusion: downstairs
D:3 Grinder
D:4 3 runed translucent doors, exclusions: 3 doors and downstairs, Descartes's ghost, novice FoFi; MrAu's ghost, amateur HuFi
D:5 exclusion: komodo dragon
D:6 exclusion: upstairs, Prince Ribbit
D:8 exclusion: wight


Innate Abilities, Weirdness & Mutations

Your body sometimes deteriorates upon taking damage.
You are frail. (-10% HP)
You passively dampen the noise of your surroundings.


Message History

Your Fighting skill increases to level 5!
Unknown command.
You feel sick.
The killer bee stings you but does no damage.
The killer bee completely misses you.
The killer bee attacks as you move away!
The killer bee completely misses you.
You feel sick. The killer bee barely misses you.
The killer bee completely misses you.
The killer bee attacks as you move away!
The killer bee stings you.
* * * LOW HITPOINT WARNING * * *
You are more poisoned.
The killer bee poisons you!
You feel sick.
The killer bee is distracted by your dazzling golden aura.
The killer bee completely misses you.
You feel sick. The killer bee closely misses you.
You feel sick.
The killer bee is no longer distracted by gold.
The killer bee completely misses you.
It was a potion of haste.
You feel yourself speed up.
You feel sick. The killer bee stings you.
* * * LOW HITPOINT WARNING * * *
You are lethally poisoned!
The killer bee poisons you!
The killer bee stings you but does no damage.
Unknown command.
It was a potion of invisibility.
You fade into invisibility!
* * * LOW HITPOINT WARNING * * *
You feel sick. The killer bee barely misses you.
It was a potion of mutation.
You feel extremely strange.
You feel yourself wasting away.
You feel frail.
You feel your surroundings grow quieter.
* * * LOW HITPOINT WARNING * * *
You feel sick. The killer bee closely misses you.
It was a potion of magic.
Magic courses through your body.
* * * LOW HITPOINT WARNING * * *
You feel sick. The killer bee stings you!
You die...
Your body crumbles into a pile of gold.

.......#.........#....#
#########
#...........###....#..##
#...... ##.........##
##..###..## ##.....
##....##..## #.##
##..####..... .....###..# #.#
##..#))##### ###..# ##.## #.#
##...## # #..# #..# ##.#
##.#..# # ##.#####.####..#
##.###.## # #............@##
##$## #..# #
##.......#####y###..## ##.##
# #.####..# ##......# ##.###
#.# #.## #...#..## ##)##.
#.####.# ##...###.###.....
#.#....#**###....####....###.
#...###..##.......#*#..### #.
#.### *#...........#..## #.
#..# #..###.........# ##.


You could see a killer bee (unable to see you).

Vanquished Creatures
  A basilisk (D:8)
  2 water moccasins
  A black bear (D:8)
  2 ice beasts
  2 ogres
  A phantom (D:6)
  2 kobold brigands
  2 bullfrogs
  A scorpion (D:6)
  5 wights
  A killer bee (D:8)
  A hound (D:6)
  A jelly (D:5)
  2 orc priests
  A sleepcap (D:6)
  An iguana (D:6)
  2 orc wizards
  3 adders
  A white imp (D:5)
  An ufetubus (D:4)
  4 dart slugs
  8 orcs
  9 ball pythons
  6 bats
  2 endoplasms (D:2)
  4 giant cockroaches
  7 hobgoblins
  13 jackals
  8 kobolds
  2 frilled lizards (D:1)
  7 goblins
  4 rats
107 creatures vanquished.

Vanquished Creatures (collateral kills)
  A dart slug (D:3)
  3 orcs
  A ball python (D:3)
  A goblin (D:4)
  A hobgoblin (D:3)
  2 quokkas
9 creatures vanquished.

Vanquished Creatures (others)
  An adder (D:2)
  A dart slug (D:3)
2 creatures vanquished.

Grand Total: 118 creatures vanquished

Notes
Turn   | Place    | Note
-------+----------+-------------------------------------------
     0 | D:1      | H0rd4k the Human Artificer began the quest for the Orb.
     0 | D:1      | Reached XP level 1. HP: 15/15 MP: 1/1
   174 | D:1      | Reached XP level 2. HP: 21/21 MP: 2/2
   809 | D:2      | Found Qaawk's Magic Scroll Emporium.
   814 | D:2      | Reached XP level 3. HP: 25/26 MP: 3/3
  1289 | D:2      | Reached XP level 4. HP: 10/32 MP: 4/4
  1951 | D:3      | HP: 1/33 [orc priest/divine providence (15)]
  2148 | D:3      | Noticed Grinder
  2160 | D:3      | Paralysed by Grinder for 3 turns
  2168 | D:3      | Paralysed by Grinder for 4 turns
  2358 | D:3      | Reached skill level 1 in Short Blades
  2537 | D:4      | Reached XP level 5. HP: 29/38 MP: 5/5
  2548 | D:4      | Found a staircase to the Ecumenical Temple.
  2558 | Temple   | Entered the Ecumenical Temple
  2589 | Temple   | Became a worshipper of Gozag Ym Sagoz the Greedy
  3128 | D:4      | Found a runed translucent gate.
  3128 | D:4      | Found a runed translucent gate.
  3128 | D:4      | Found a runed translucent gate.
  3548 | D:4      | Noticed MrAu's ghost (amateur HuFi)
  3548 | D:4      | Noticed Descartes's ghost (novice FoFi)
  3565 | D:5      | Entered Level 5 of the Dungeon
  3585 | D:5      | Found a glowing drain.
  3616 | D:5      | Reached skill level 2 in Short Blades
  3644 | Sewer    | Entered a sewer
  3708 | Sewer    | Noticed a water moccasin
  3716 | Sewer    | Killed a water moccasin
  3717 | Sewer    | Reached XP level 6. HP: 13/44 MP: 6/6
  3912 | D:5      | Noticed an ice beast
  3986 | D:5      | Killed an ice beast
  3987 | D:5      | Reached skill level 3 in Short Blades
  4056 | D:5      | Noticed an ogre
  4061 | D:5      | Killed an ogre
  4062 | D:5      | Reached XP level 7. HP: 51/51 MP: 7/7
  4198 | D:5      | Noticed a komodo dragon
  4559 | D:6      | Reached skill level 4 in Short Blades
  4559 | D:6      | Reached skill level 5 in Evocations
  4760 | D:6      | Reached XP level 8. HP: 10/58 MP: 8/8
  5145 | D:6      | Noticed Prince Ribbit
  5264 | D:7      | Reached skill level 5 in Short Blades
  5695 | D:8      | Noticed a two-headed ogre
  5739 | D:8      | Noticed a wyvern
  5740 | D:8      | Noticed a basilisk
  5741 | D:8      | Found a staircase to the Lair.
  5742 | D:8      | Noticed a yak
  6688 | D:8      | Reached skill level 5 in Dodging
  6712 | D:8      | Reached XP level 9. HP: 58/66 MP: 9/9
  6780 | D:8      | Reached skill level 6 in Short Blades
  7190 | D:8      | Reached skill level 5 in Fighting
  7197 | D:8      | Gained mutation: Your body sometimes deteriorates upon
                  | taking damage. [potion of mutation]
  7197 | D:8      | Gained mutation: You are frail. (-10% HP) [potion of
                  | mutation]
  7197 | D:8      | Gained mutation: You passively dampen the noise of your
                  | surroundings. [potion of mutation]
  7198 | D:8      | HP: 3/60 [poisoned by a killer bee]
  7198 | D:8      | Slain by a killer bee

Illustrated notes

Levels and vault maps discovered:
D:1:      lemuel_arrival_river_ford, layout_loops_cross, moated_statue
D:2:      minmay_general_purpose_star, layout_loops_ring, serial_shops, shop,
          minmay_crystal_room, kennysheep_generic_room_10
D:3:      layout_rooms, minmay_liquid_box, nicolae_eternal_life,
          minmay_pentomino_pile, uniq_grinder
D:4:      layout_loops_ring, minmay_temple_entry_glass,
          gammafunk_ghost_cemetery, nrook_mini_vaults, saegor_snake_ambush
D:5:      layout_loops_ring, gup_sewer_entry_glass, minivault_11
D:6:      layout_rooms, roderic_filled_cross, uniq_prince_ribbit1
D:7:      layout_basic, kennysheep_generic_room_15
D:8:      layout_layer_cave, david_lair_generic, eino_jars
D:9:      layout_long_grid, minmay_evil_grid
Temple:   dpeg_three_leaves_temple

Skill      XL: |  1  2  3  4  5  6  7  8  9 |
---------------+----------------------------+-----
Evocations     | 4 5 |  5.4
Dodging        | 2 3 4 5 |  5.7
Short Blades   | 1 2 3 4 5 6 |  6.5
Fighting       | 2 3 4 5 |  5.0
Stealth        | 2 3 |  3.0
Maces & Flails | |  0.1
Armour         | |  2.0

Action                     |  1- 3 |  4- 6 |  7- 9 || total
---------------------------+-------+-------+-------++-------
  Melee: Club              |   109 |       |       ||   109
         Punch             |     3 |     1 |     6 ||    10
         Short sword       |    30 |   184 |   295 ||   509
  Evoke: Wand              |    11 |    28 |     6 ||    45
    Use: Scroll            |       |       |     8 ||     8
         Potion            |       |       |     4 ||     4
   Stab: Sleeping          |     1 |       |     2 ||     3
 Armour: Leather armour    |    58 |    70 |    68 ||   196
  Dodge: Dodged            |   125 |   145 |   205 ||   475
